 Dungeon Crawl Stone Soup version 0.30-a0-377-g5cb311bc9f (webtiles) character file.

Game seed: 9626166957950633749

35 SmokeWeed the Twirler (level 3, 0/55 HPs)
             Began as an Ogre Gladiator on Nov 27, 2022.
             Slain by a worm (2 damage)
             ... on level 2 of the Dungeon.
             The game lasted 00:04:05 (827 turns).

SmokeWeed the Twirler (Ogre Gladiator)               Turns: 827, Time: 00:04:06

Health: 0/55       AC:  3    Str: 20    XL:     3   Next: 33%
Magic:  3/3        EV: 10    Int:  9    God:
Gold:   52         SH:  0    Dex: 10    Spells: 2/2 levels left

rFire   . . .      SeeInvis .    a - +0 quarterstaff
rCold   . . .      Faith    .    (shield currently unavailable)
rNeg    . . .      Spirit   .    b - +0 robe
rPois   .          Reflect  .    c - +0 hat
rElec   .          Harm     .    (no cloak)
rCorr   .          Rampage  .    (gloves unavailable)
Will    .....                    (boots unavailable)
Stlth   ..........               (no amulet)
HPRegen 0.29/turn                (no ring)
MPRegen 0.08/turn                (no ring)

@: berserking (expiring), very quick
A: large, unfitting armour, tough skin 1
a: no special abilities


You were on level 2 of the Dungeon.
You visited 1 branch of the dungeon, and saw 2 of its levels.

You collected 52 gold pieces.

Inventory:

Hand Weapons
 a - a +0 quarterstaff (weapon)
 f - a +0 spear
 i - a +0 sling
Missiles
 d - a throwing net (quivered)
 e - a large rock
 l - 3 boomerangs
Armour
 b - a +0 robe (worn)
 c - a +0 hat (worn)
Scrolls
 h - a scroll of magic mapping {unknown}
 k - a scroll of identify {unknown}
Potions
 j - a potion of haste


   Skills:
 + Level 3.1 Fighting
 + Level 3.7 Staves
 + Level 2.2 Throwing
 + Level 3.0 Dodging
 + Level 0.1 Stealth


You had 2 spell levels left.
You didn't know any spells.
Your spell library contained the following spells:

 Spells                   Type           Power      Damage    Failure   Level
 Sting                    Tmut/Pois      0%         1d3       38%         1
 Poisonous Vapours        Pois/Air       0%         N/A       52%         2
 Olgreb's Toxic Radiance  Pois           0%         N/A       99%         4


Dungeon Overview and Level Annotations

Branches:
Dungeon (2/15)

Altars:


Innate Abilities, Weirdness & Mutations

You are too large for most types of armour.
You have tough skin. (AC +1)


Message History

You feel yourself moving faster!
You feel mighty!
The goblin no longer looks unusually strong.
The goblin hits you with a +0 dagger.
* * * LOW HITPOINT WARNING * * *
The goblin closely misses you.
Robin struggles against the net.
The net rips apart, and Robin comes free!
You barely miss Robin.
Robin is heavily wounded.
The goblin closely misses you. Robin misses you.
The goblin hits you with a +0 club.
* * * LOW HITPOINT WARNING * * *
You sock Robin!
You kill Robin!
Your Dodging skill increases to level 3!
You have reached level 3!
Your experience leads to an increase in your attributes!
Increase (S)trength, (I)ntelligence, or (D)exterity?
You feel stronger. x3
You closely miss the goblin. The goblin hits you with a +0 club.
* * * LOW HITPOINT WARNING * * *
The goblin hits you but does no damage.
You thump the goblin!
You kill the goblin!
The goblin completely misses you. The worm misses you.
You closely miss the goblin. The goblin hits you with a +0 club.
* * * LOW HITPOINT WARNING * * *
You hit the goblin.
The goblin is heavily wounded.
The worm bites you but does no damage. The goblin barely misses you.
You bludgeon the goblin!!
You kill the goblin!
You thump the worm!
The worm is heavily wounded.
The worm barely misses you.
You barely miss the worm.
The worm is heavily wounded.
You barely miss the worm.
The worm is heavily wounded.
The worm bites you.
You die...

.# ######.#####
#....g.....#
#..........#
#..........#
#..........#
#####..........###
#)@wSg............
#)###.............
#. #.............
#. #w....<.......
#. #.......bS!...
#. #.............
.. #.............
.. ...............
###..........#..


You could see a worm, a hobgoblin (strong) and a ball python.

Vanquished Creatures
  Robin (D:2)
  A dart slug (D:1)
  An endoplasm (D:1)
  5 goblins
  3 hobgoblins
  5 ball pythons (D:1)
  A frilled lizard (D:1)
  A kobold (D:1)
  3 rats (D:1)
21 creatures vanquished.

Notes
Turn   | Place    | Note
-------+----------+-------------------------------------------
     0 | D:1      | SmokeWeed the Ogre Gladiator began the quest for the Orb.
     0 | D:1      | Reached XP level 1. HP: 22/22 MP: 1/1
   148 | D:1      | Reached XP level 2. HP: 19/29 MP: 2/2
   799 | D:2      | Noticed Robin
   819 | D:2      | Killed Robin
   820 | D:2      | Reached XP level 3. HP: 5/37 MP: 3/3
   822 | D:2      | HP: 1/55 [goblin/+0 club[Robin] (3)]
   827 | D:2      | Slain by a worm

Illustrated notes

Levels and vault maps discovered:
D:1:      scummos_arrival_hexagon, layout_basic, bh_walls_and_bars
D:2:      layout_basic, minivault_11, uniq_robin, uniq_terence

Skill      XL: |  1  2 |
---------------+-------+-----
Fighting       | 3 |  3.1
Dodging        | 3 |  3.0
Staves         | |  3.7
Throwing       | |  2.2
Stealth        | |  0.1

Action                   || total
-------------------------++-------
Melee: Quarterstaff      ||    56
Throw: Throwing net      ||     2
  Use: Potion            ||     1
Armor: Robe              ||    15
Dodge: Dodged            ||    30

Table legend: (Time is in decaauts)
 A = Elapsed time spent in this place.
 B = Non-inter-level travel time spent in this place.
 C = Inter-level travel time spent in this place.
 D = Time resting spent in this place.
 E = Time spent auto-exploring this place.
 F = Levels seen in this place.
 G = Mean time per level.
                   A        B        C        D        E       F      G
               +--------+--------+--------+--------+--------+-----+--------+
         Total |    831 |    818 |     13 |     40 |    597 |   2 |  415.5 |
       Dungeon |    831 |    818 |     13 |     40 |    597 |   2 |  415.5 |
               +--------+--------+--------+--------+--------+-----+--------+

Top non-repeatable levels by time:
     D:1: 799 daAuts
     D:2: 32 daAuts
